 Dungeon Crawl Stone Soup version 0.29.1-1-gd02db6906a (webtiles) character file.

Game seed: 271337950436342418

87 QueenGhuleh the Chopper (level 4, -1/61 HPs)
             Began as a Minotaur Berserker on Sept 14, 2022.
             Was a Believer of Trog.
             Slain by a gnoll
             ... wielding a +0 halberd
              (3 damage)
             ... on level 3 of the Dungeon on Sept 15, 2022.
             The game lasted 00:05:18 (1846 turns).

QueenGhuleh the Chopper (Minotaur Berserker)        Turns: 1846, Time: 00:05:19

Health: -1/61      AC: 11    Str: 24    XL:     4   Next: 28%
Magic:  3/3        EV:  7    Int:  4    God:    Trog [**....]
Gold:   54         SH:  0    Dex:  9    Spells: 3/3 levels left

rFire   . . .      SeeInvis .   a - +0 hand axe
rCold   . . .      Faith    .   (no shield)
rNeg    . . .      Spirit   .   b - +0 plate armour
rPois   .          Reflect  .   (helmet restricted)
rElec   .          Harm     .   (no cloak)
rCorr   .          Rampage  .   (no gloves)
Will    .....                   (no boots)
Stlth   ..........              (no amulet)
HPRegen 0.20/turn               (no ring)
MPRegen 0.08/turn               (no ring)

@: berserking, very quick
A: horns 2, retaliatory headbutt
a: Renounce Religion, Berserk, Trog's Hand


You were on level 3 of the Dungeon.
You worshipped Trog.
Trog was pleased with you.
You visited 1 branch of the dungeon, and saw 3 of its levels.

You collected 54 gold pieces.

Inventory:

Hand Weapons
 a - a +0 hand axe (weapon)
Armour
 b - a +0 plate armour (worn)
Scrolls
 c - a scroll of enchant weapon {unknown}
 d - a scroll of poison {unknown}
 e - 3 scrolls of identify {unknown}
 h - a scroll of immolation {unknown}
Potions
 f - a potion of brilliance {unknown}
 g - 2 potions of curing {unknown}


   Skills:
 + Level 4.6 Fighting
 + Level 4.9 Axes
 + Level 3.0 Armour
 + Level 2.5 Dodging


You had 3 spell levels left.
You didn't know any spells.
Your spell library was empty.

Dungeon Overview and Level Annotations

Branches:
Dungeon (3/15)

Altars:


Innate Abilities, Weirdness & Mutations

You have a pair of horns on your head.
You reflexively headbutt those who attack you in melee.


Message History

The gnoll hits you from afar with a +0 halberd.
You barely miss the gnoll.
The gnoll is heavily wounded.
You barely miss the gnoll.
The gnoll hits you but does no damage. x2
The gnoll closely misses you. You furiously retaliate!
You headbutt the gnoll!
You kill the gnoll!
Trog accepts your kill. The gnoll completely misses you.
You have reached level 4!
You feel stronger.
You hit the gnoll but do no damage.
The gnoll is heavily wounded.
The gnoll barely misses you. x2
The gnoll hits you from afar with a +0 spear.
You closely miss the gnoll.
The gnoll is heavily wounded.
The gnoll hits you with a +0 flail!
The gnoll hits you from afar with a +0 halberd.
The gnoll hits you but does no damage.
You hit the gnoll but do no damage.
The gnoll is heavily wounded.
The gnoll hits you with a +0 flail!
* * * LOW HITPOINT WARNING * * *
The gnoll hits you from afar with a +0 halberd.
* * * LOW HITPOINT WARNING * * *
The gnoll hits you but does no damage.
A red film seems to cover your vision as you go berserk!
You feel yourself moving faster!
You feel mighty! The gnoll barely misses you. x2
The gnoll hits you but does no damage.
You are too injured to fight recklessly!
You slash the gnoll!
You kill the gnoll!
Trog accepts your kill.
The gnoll hits you from afar with a +0 spear.
* * * LOW HITPOINT WARNING * * *
The gnoll hits you from afar with a +0 halberd!
* * * LOW HITPOINT WARNING * * *
The gnoll closely misses you.
The gnoll hits you from afar with a +0 halberd.
You die...

########## #........#
#........#
####........#
...........### . #
#........#.#####
....#.##..$........"...
#....<......).)......
#.#.#.#+####.@.......
...... #.#gg.....
#..##.#. #.#....... #.
#...# #.#....... # ###
# ..#.(..... .!........
#...###.### ##. ..


You could see 2 gnolls.

Vanquished Creatures
  2 adders (D:2)
  2 gnolls (D:3)
  2 bats (D:1)
  8 endoplasms
  2 giant cockroaches
  4 goblins
  3 hobgoblins
  9 jackals
  A quokka (D:1)
  3 ball pythons
  3 frilled lizards
  4 kobolds
  A rat (D:2)
44 creatures vanquished.

Vanquished Creatures (others)
  A plant (D:1)
1 creature vanquished.

Grand Total: 45 creatures vanquished

Notes
Turn   | Place    | Note
-------+----------+-------------------------------------------
     0 | D:1      | QueenGhuleh the Minotaur Berserker began the quest for the
                  | Orb.
     0 | D:1      | Reached XP level 1. HP: 19/19 MP: 0/0
   157 | D:1      | Reached XP level 2. HP: 27/27 MP: 1/1
   264 | D:1      | Upgraded the game from 0.29.1 to 0.29.1-1-gd02db6906a
  1280 | D:2      | Reached XP level 3. HP: 28/33 MP: 2/2
  1281 | D:2      | Reached ** piety under Trog
  1841 | D:3      | Reached XP level 4. HP: 33/41 MP: 3/3
  1845 | D:3      | HP: 2/61 [gnoll/+0 halberd (7)]
  1846 | D:3      | Slain by a gnoll

Illustrated notes

Levels and vault maps discovered:
D:1:      heliophobic_arrival_battle_scene, layout_basic, serial_bayou,
          serial_bayou_shore_b, serial_bayou_crossing, serial_bayou_shore_b,
          serial_bayou_lake_a
D:2:      layout_basic, grunt_ministairs_10
D:3:      layout_basic, good_gods_mini_temple, marbit_many_paths,
          xom_butterflies, nicolae_overflow_squiral

Skill      XL: |  1  2  3 |
---------------+----------+-----
Axes           | 4 |  4.9
Fighting       | 4 |  4.6
Armour         | 3 |  3.0
Dodging        | |  2.5

Action                   |  1- 3 |  4- 6 || total
-------------------------+-------+-------++-------
Melee: Hand axe          |    79 |     4 ||    83
       Headbutt          |    12 |       ||    12
Invok: Berserk           |       |     1 ||     1
Armor: Animal skin       |     4 |       ||     4
       Plate armour      |    41 |     3 ||    44
       Chain mail        |     4 |       ||     4
Dodge: Dodged            |    48 |     5 ||    53
